 Dungeon Crawl Stone Soup version 0.29.1-2-gbd0b4ee654 (webtiles) character file.

Game seed: 6591522660472472790

301052 xian the Warrior (level 20, -7/172 HPs)
             Began as a Demonspawn Abyssal Knight on Nov 17, 2022.
             Was the Champion of Lugonu.
             Mangled by a vault guard
             ... wielding a +0 bardiche
              (24 damage)
             ... on level 4 of the Vaults.
             The game lasted 02:56:49 (38320 turns).

xian the Warrior (Demonspawn Abyssal Knight)       Turns: 38320, Time: 02:56:50

Health: -7/172     AC: 38    Str: 25    XL:     20   Next: 18%
Magic:  29/29      EV:  9    Int: 14    God:    Lugonu [******]
Gold:   1848       SH: 19    Dex: 17    Spells: 19/19 levels left

rFire   + . .      SeeInvis +   B - +10 scimitar of the Solstice {flame, SInv}
rCold   + . .      Faith    .   G - +5 kite shield {AC+3}
rNeg    . . .      Spirit   .   Q - +4 gold dragon scales
rPois   +          Reflect  .   T - +2 helmet {Int+3}
rElec   +          Harm     .   u - +2 cloak {rCorr}
rCorr   +          Rampage  +   p - +0 pair of gloves "Wederom" {-Cast rElec Str+2 Dex+3}
Will    +....      NoCast   +   x - +2 pair of boots {rampage}
Stlth   ..........              y - amulet of regeneration
HPRegen 1.18/turn               U - +4 ring of slaying
MPRegen 0.21/turn               q - +4 ring of slaying

@: about to teleport
A: hooves 2, demonic guardian 3, spiny 3, sturdy frame 2, corrupting presence 1,
camouflage 1, noise suppression
}: 2/15 runes: decaying, serpentine
a: Renounce Religion, Depart the Abyss, Bend Space, Banish, Corrupt, Enter the
Abyss, Brand Weapon With Distortion


You were on level 4 of the Vaults.
You worshipped Lugonu.
Lugonu was exalted by your worship.
You visited 7 branches of the dungeon, and saw 35 of its levels.
You visited the Abyss 4 times.
You visited 1 bazaar.

You collected 4573 gold pieces.
You spent 2725 gold pieces at shops.

Inventory:

Hand Weapons
 B - the +10 scimitar of the Solstice (weapon) {flame, SInv}
   (You bought it in a shop on level 10 of the Dungeon)

   It burns those it strikes, dealing additional fire damage.
   Big, fiery blades are also staple armaments of hydra-hunters.
   SInv:      It lets you see invisible.
 F - the +7 sling of Moderation {vorpal, Int+2}
   (You found it on level 1 of the Lair of Beasts)

   Any ammunition fired from it inflicts extra damage upon your enemies.
   Int:       It affects your intelligence (+2).
Missiles
 c - 22 boomerangs
 j - 9 boomerangs of dispersal
 k - 47 poisoned darts (quivered)
 A - 14 javelins
 D - 5 throwing nets
 M - 13 atropa-tipped darts
 Y - 3 curare-tipped darts
Armour
 p - the +0 pair of gloves "Wederom" (worn) {-Cast rElec Str+2 Dex+3}
   (You found it on level 3 of the Dungeon)

   Str:       It affects your strength (+2).
   Dex:       It affects your dexterity (+3).
   rElec:     It insulates you from electricity.
   -Cast:     It prevents spellcasting.
 u - a +2 cloak of preservation (worn)
 x - a +2 pair of boots of rampaging (worn)
 G - a +5 kite shield of protection (worn)
 I - the +4 robe of Augmentation {Str+4 Int+4 Dex+4}
   (You found it on level 8 of the Dungeon)

   Str:       It affects your strength (+4).
   Int:       It affects your intelligence (+4).
   Dex:       It affects your dexterity (+4).
 Q - +4 gold dragon scales (worn)
 T - a +2 helmet of intelligence (worn)
Jewellery
 q - a +4 ring of slaying (right hand)
 w - the amulet of the Skies Above {Acrobat rPois}
   (You found it on level 1 of the Lair of Beasts)

   [amulet of the acrobat]

   It increases your evasion while moving and waiting.
   rPois:     It protects you from poison.
 y - an amulet of regeneration (around neck)
 U - a +4 ring of slaying (left hand)
Wands
 n - a wand of mindburst (10)
 C - a wand of flame (31)
 H - a wand of iceblast (23)
 K - a wand of light (44)
 N - a wand of charming (23)
 O - a wand of digging (3)
Scrolls
 b - 4 scrolls of fear
 e - 9 scrolls of blinking
 g - 17 scrolls of teleportation
 l - 2 scrolls of summoning
 o - 8 scrolls of enchant weapon
 r - 4 scrolls of immolation
 s - 3 scrolls of silence
 P - 6 scrolls of brand weapon
 W - 4 scrolls of magic mapping
Potions
 a - 5 potions of flight
 d - 12 potions of curing
 h - a potion of invisibility
 m - a potion of mutation
 t - a potion of might
 z - 2 potions of ambrosia
 E - 6 potions of haste
 J - 4 potions of resistance
 L - 5 potions of heal wounds
 S - 3 potions of berserk rage
 X - 2 potions of cancellation
Miscellaneous
 R - a box of beasts


   Skills:
 * Level 18.6 Fighting
 + Level 11.5(14.5) Short Blades
 + Level 14.3(15.9) Long Blades
 + Level 3.7 Throwing
 + Level 12.6 Armour
 + Level 6.8 Dodging
 + Level 5.7 Stealth
 + Level 16.7 Shields
 - Level 13.0 Invocations


You had 19 spell levels left.
You didn't know any spells.
Your spell library contained the following spells:

 Spells                   Type           Power      Damage    Failure   Level
 Apportation              Tloc           0%         N/A       99%         1
 Necrotise                Necr           0%         1d4       99%         1
 Slow                     Hex            0%         N/A       99%         1
 Sting                    Tmut/Pois      0%         1d3       99%         1
 Summon Small Mammal      Summ           0%         N/A       99%         1
 Ensorcelled Hibernation  Hex/Ice        0%         N/A       100%        2
 Poisonous Vapours        Pois/Air       0%         N/A       100%        2
 Scorch                   Fire           0%         2d5       100%        2
 Sublimation of Blood     Necr           0%         N/A       100%        2
 Call Canine Familiar     Summ           0%         N/A       100%        3
 Confusing Touch          Hex            0%         N/A       100%        3
 Frozen Ramparts          Ice            0%         1d1       100%        3
 Gell's Gravitas          Tloc           0%         N/A       100%        3
 Ignite Poison            Fire/Tmut/Pois 0%         N/A       100%        3
 Mephitic Cloud           Conj/Pois/Air  0%         N/A       100%        3
 Spider Form              Tmut/Pois      0%         N/A       100%        3
 Summon Guardian Golem    Hex/Summ       0%         N/A       100%        3
 Teleport Other           Tloc           0%         N/A       100%        3
 Tukima's Dance           Hex            0%         N/A       100%        3
 Vampiric Draining        Necr           0%         2d6       100%        3
 Anguish                  Hex/Necr       0%         N/A       100%        4
 Cause Fear               Hex            0%         N/A       100%        4
 Dispel Undead            Necr           0%         3d6       100%        4
 Flame Wave               Conj/Fire      0%         2d4       100%        4
 Ice Form                 Ice/Tmut       0%         N/A       100%        4
 Olgreb's Toxic Radiance  Pois           0%         N/A       100%        4
 Passage of Golubria      Tloc           0%         N/A       100%        4
 Petrify                  Tmut/Erth      0%         N/A       100%        4
 Summon Ice Beast         Ice/Summ       0%         N/A       100%        4
 Summon Lightning Spire   Summ/Air       0%         N/A       100%        4
 Agony                    Necr           0%         N/A       100%        5
 Alistair's Intoxication  Tmut/Pois      0%         N/A       100%        5
 Freezing Cloud           Conj/Ice/Air   0%         6-21      100%        5
 Irradiate                Conj/Tmut      0%         3d11      100%        5
 Metabolic Englaciation   Hex/Ice        0%         N/A       100%        5
 Yara's Violent Unravell  Hex/Tmut       0%         3d3       100%        5
 Conjure Ball Lightning   Conj/Air       0%         3x3d6     100%        6
 Dispersal                Tloc           0%         N/A       100%        6
 Simulacrum               Ice/Necr       0%         N/A       100%        6
 Statue Form              Tmut/Erth      0%         N/A       100%        6
 Summon Cactus Giant      Summ           0%         N/A       100%        6
 Dragon Form              Tmut           0%         N/A       100%        7
 Enfeeble                 Hex            0%         N/A       100%        7
 Ozocubu's Refrigeration  Ice            0%         4d7       100%        7
 Storm Form               Tmut/Air       0%         N/A       100%        7
 Discord                  Hex            0%         N/A       100%        8
 Disjunction              Tloc           0%         N/A       100%        8
 Ignition                 Fire           0%         3d3       100%        8
 Maxwell's Capacitive Co  Air            0%         ∞         100%        8
 Dragon's Call            Summ           0%         N/A       100%        9
 Polar Vortex             Ice            0%         N/A       100%        9


Dungeon Overview and Level Annotations

Branches:
Dungeon (15/15)            Temple (0/1) D:5            Lair (5/5) D:8
  Swamp (4/4) Lair:2        Snake (4/4) Lair:2        Slime (0/5) Lair:5
    Orc (2/2) D:10            Elf (0/3) Orc:2        Vaults (4/5) D:13
  Crypt (1/3) Vaults:2     Depths (0/4) D:15

Altars:
Cheibriados
Dithmenos
Hepliaklqana
Kikubaaqudgha
Makhleb
Nemelex Xobeh
Okawaru
Qazlal
Ru
Trog
Vehumet
Wu Jian
Xom

Shops:
D:3 *   D:6 *   D:7 [(:   D:10 ([?   D:13 *   Orc:2 ([(?   Snake:4 [
Vaults:1 =


Innate Abilities, Weirdness & Mutations

You have hoof-like feet.
A powerful demonic guardian rushes to your aid.
You are completely covered in sharp spines.
Your movements are less encumbered by armour. (ER -4)
Your presence sometimes corrodes those you injure.
Your skin changes colour to match your surroundings (Stealth+).
You passively dampen the noise of your surroundings.


Message History

The ironbound convoker begins to recite a word of recall!
Unknown command.
You block the vault warden's attack.
Items here: ) [ ††.
That door is sealed shut!
You hit the vault warden. You burn the vault warden.
The vault warden is moderately wounded.
The vault warden is struck by your spines.
The vault warden hits you with a +5 vorpal war axe.
* * * LOW HITPOINT WARNING * * *
x2 You completely miss the vault warden.
The vault warden is heavily wounded.
Unknown command.
You slash the vault warden! You burn the vault warden.
The vault warden is severely wounded.
The runic seals fade away.
The vault guard is recalled.
The vault warden is recalled.
The vault warden activates a sealing rune.
A vault guard opens the door.
The vault warden activates a sealing rune.
A door slams shut!
A vault guard comes into view. It is wielding a +0 bardiche.
A vault warden comes into view. It is wielding a +0 great sword.
You barely miss the vault warden.
The vault warden is severely wounded.
A vault guard opens the door.
The vault warden moves out of view.
Unknown command.
You hit the vault warden. You burn the vault warden.
The vault warden is severely wounded.
The vault warden barely misses you. The yaktaur captain hits you!
* * * LOW HITPOINT WARNING * * *
The ironbound convoker gestures at the vault guard while chanting.
The vault guard seems to grow stronger.
Unknown command.
As you read the scroll of teleportation, it crumbles to dust.
You feel strangely unstable.
The vault guard hits you but does no damage.
You block the vault warden's attack.
The vault guard hits you from afar with a +0 bardiche!!
You die...

......)...##.........#
..........##...:?$...#
..........##...###...#
..........##...#y#...#
..........##...###...#
#######...##$.......$#
......#...##$pppk..($#
......#...# #c#p# ......#...#
#p@)### ......#.###
#####+#'######### ......#.#.
#.......#.......# ......#.#..
#.#.....#.#...#.#
###'###.#...#...#.#.#.).#...#
........#.....#.#...<.#.#.#.#
........#.......#.......#...#
........#######+#############
...................†).......


You could see 2 vault wardens, a yaktaur captain (strong), 2 vault guards and an
ironbound convoker (catching breath).

Vanquished Creatures
  Nikola (Snake:2)
  A bone dragon (Vaults:2)
  Jorgrun (D:14)
  A tentacled starspawn (Abyss:3)
  Frances (D:14)
  Agnes (Snake:2)
  A sphinx (Vaults:3)
  A shadow dragon (D:13)
  A tengu reaver (Vaults:2)
  A thorn hunter (Swamp:3)
  A storm dragon (Vaults:4)
  3 nagarajas (Snake:4)
  A fire giant (Vaults:4)
  An orc warlord (Vaults:3)
  Louise (D:15)
  Aizul (Snake:2)
  8 vault wardens
  3 cacodemons (Abyss:3)
  7 ironbound preservers
  A war gargoyle (Vaults:4)
  4 ironbound thunderhulks
  A vampire knight (D:13)
  A starcursed mass (Abyss:3)
  7 eleionomae
  3 very ugly things
  An entropy weaver (Vaults:4)
  A bunyip (Swamp:1)
  14 dire elephants
  Snorg (Orc:2)
  An ettin (D:15)
  2 fire dragons
  3 salamander tyrants
  5 yaktaur captains
  Harold (Lair:2)
  8 vault guards
  Josephine (Lair:3)
  7 great orbs of eyes
  A shambling mangrove (Swamp:2)
  24 hydras
  7 boulder beetles
  An ogre mage (D:15)
  Erica (Lair:2)
  6 anacondas
  A rakshasa (Abyss:3)
  2 catoblepae
  A peacekeeper (Vaults:4)
  7 two-headed ogres
  4 ironbound frosthearts
  15 alligators
  3 naga warriors
  A hell hog (Abyss:2)
  15 centaur warriors
  2 death yaks (Lair:5)
  7 tengu warriors
  An orc high priest (Orc:2)
  5 shock serpents
  Urug (D:10)
  2 thrashing horrors (Abyss:3)
  9 naga sharpshooters
  A hell knight (D:15)
  2 large abominations (Abyss:3)
  A deep elf knight (D:13)
  Sonja (Orc:1)
  3 skeletal warriors
  3 salamander mystics
  3 fire crabs
  22 deep trolls
  A spectral death yak (Lair:5)
  6 swamp dragons
  6 naga ritualists
  A spectral anaconda (Lair:5)
  4 goliath frogs
  A bog body (Swamp:1)
  2 spriggan druids
  2 glowing orange brains
  14 lindwurms
  A deep elf archer (D:13)
  An obsidian statue (Lair:5)
  9 ironbound convokers
  6 orc knights
  3 deep elf pyromancers
  5 harpies
  8 wizards
  29 ugly things
  4 mana vipers
  4 necromancers
  4 orc sorcerers
  4 cyclopes
  31 slime creatures
  9 manticores
  2 will-o-the-wisps
  10 elephants (Lair:5)
  16 salamanders
  2 dire elephant zombies (Lair:5)
  3 guardian serpents
  10 naga magi
  9 vault sentinels
  21 black mambas
  A torpor snail (Lair:1)
  A gargoyle (D:11)
  7 cane toads
  A smoke demon (Abyss:3)
  2 freezing wraiths
  6 komodo dragons
  An unseen horror (D:8)
  An elf skeleton (Vaults:2)
  A komodo dragon (shapeshifter) (D:15)
  A yaktaur skeleton (Vaults:2)
  13 yaktaurs
  3 rime drakes
  An efreet (D:13)
  4 tengu conjurers
  A queen bee (shapeshifter) (D:14)
  A meliai (D:13)
  5 trolls
  A bloated husk (Swamp:1)
  A polar bear (Lair:1)
  A raiju (Abyss:2)
  8 hornets
  4 tyrant leeches
  12 blink frogs
  6 small abominations
  6 spriggans
  9 wraiths
  4 wyverns
  6 basilisks
  2 ynoxinuls (Abyss:3)
  26 yaks
  18 vampire mosquitoes
  A chaos spawn (Abyss:2)
  4 steam dragons
  A glowing shapeshifter zombie (Vaults:2)
  27 nagas
  An acid dragon (D:12)
  14 swamp worms
  4 wargs
  20 water moccasins
  2 ice beasts (D:6)
  32 orc warriors
  12 swamp drakes
  An elephant zombie (Lair:5)
  5 black bears
  13 wolves
  8 boggarts
  7 centaurs
  10 ogres
  An elephant skeleton (Lair:5)
  A phantom (D:4)
  10 bullfrogs
  3 kobold brigands
  4 necrophages
  4 scorpions
  A human skeleton (Vaults:2)
  A cane toad simulacrum (Lair:5)
  9 wights
  2 elephant simulacra (Lair:5)
  12 killer bees
  3 electric eels
  5 howler monkeys
  A lava snake (Swamp:4)
  3 gnoll boudas
  4 hounds
  17 orc priests
  4 jellies
  A hell rat (Lair:1)
  23 orc wizards
  4 iguanas
  13 gnolls
  6 adders
  3 white imps
  2 ufetubi
  3 dart slugs
  94 orcs
  6 endoplasms
  2 giant cockroaches (D:2)
  7 hobgoblins
  10 jackals
  18 kobolds
  6 quokkas
  4 ball pythons
  5 bats
  2 frilled lizards
  7 goblins
  7 rats
  A spectral hobgoblin (D:11)
1103 creatures vanquished.

Vanquished Creatures (collateral kills)
  Vashnia (Snake:4)
  A sphinx (Vaults:4)
  2 nagarajas
  An orc warlord (Orc:2)
  A war gargoyle (Vaults:4)
  3 ironbound preservers
  An ironbound thunderhulk (Vaults:1)
  4 dire elephants
  A bunyip (Swamp:4)
  A fire dragon (Swamp:4)
  A vault guard (Vaults:3)
  A two-headed ogre (D:15)
  2 centaur warriors (Vaults:1)
  An anaconda (Snake:2)
  5 naga warriors
  A shock serpent (Snake:4)
  2 salamander mystics (Snake:4)
  6 deep trolls
  A bog body (Swamp:3)
  An ironbound convoker (Vaults:2)
  A swamp dragon (Swamp:4)
  2 salamanders (Snake:4)
  2 manticores
  A slime creature (Vaults:2)
  A necromancer (Lair:5)
  2 ugly things
  2 guardian serpents (Snake:4)
  A black mamba (Lair:1)
  A cane toad (Lair:1)
  A naga mage (Snake:4)
  A dire elephant skeleton (Lair:5)
  A yaktaur (Vaults:2)
  A dream sheep (Lair:3)
  2 blink frogs
  A spriggan (Swamp:3)
  2 wraiths (Lair:3)
  6 yaks
  A death yak simulacrum (Lair:5)
  A basilisk (Lair:5)
  5 nagas
  A swamp worm (Swamp:3)
  8 orc warriors
  A black bear (D:4)
  2 ogres
  2 wolves (Lair:1)
  2 wights (D:7)
  An orc priest (D:10)
  14 orcs
  An endoplasm (Lair:5)
104 creatures vanquished.

Vanquished Creatures (others)
  A naga warrior (Snake:2)
  A black mamba (Snake:2)
  A gargoyle (D:13)
  3 bloated husks
  2 tyrant leeches (Swamp:4)
  A steam dragon (Swamp:4)
  5 swamp drakes (Swamp:4)
  A boggart (Vaults:2)
  An iron imp (Abyss:3)
  2 orc wizards
  3 gnolls (D:8)
  An orc (Orc:2)
  A bush (Lair:5)
  6 foxfires
  23 fungi
  83 plants
  4 starspawn tentacles (Abyss:3)
  19 withered plants (Lair:5)
158 creatures vanquished.

Grand Total: 1365 creatures vanquished

Notes
Turn   | Place    | Note
-------+----------+-------------------------------------------
     0 | Abyss:1  | xian the Demonspawn Abyssal Knight began the quest for the
                  | Orb.
     0 | Abyss:1  | Reached XP level 1. HP: 18/18 MP: 2/2
    93 | Abyss:1  | Noticed a quasit
    95 | D:1      | Escaped the Abyss
   388 | D:1      | Gained mutation: Your movements are slightly less
                  | encumbered by armour. (ER -2) [demonic ancestry]
   388 | D:1      | Reached XP level 2. HP: 8/24 MP: 3/3
   388 | D:1      | Reached ** piety under Lugonu
   660 | D:1      | Reached skill level 1 in Dodging
   726 | D:1      | Found a faded altar of an unknown god.
  1806 | D:2      | Gained mutation: A weak demonic guardian rushes to your
                  | aid. [demonic ancestry]
  1806 | D:2      | Reached XP level 3. HP: 14/29 MP: 5/5
  2831 | D:3      | Noticed a necrophage
  2856 | D:3      | Killed a necrophage
  2857 | D:3      | Gained mutation: You are partially covered in sharp spines.
                  | [demonic ancestry]
  2857 | D:3      | Reached XP level 4. HP: 31/37 MP: 6/6
  2959 | D:3      | Reached XP level 5. HP: 26/42 MP: 7/7
  3121 | D:3      | Found a shadowy altar of Dithmenos.
  3132 | D:3      | Identified the +0 pair of gloves "Wederom" {-Cast rElec
                  | Str+2 Dex+3}
  3185 | D:3      | Found Cifod's Assorted Antiques.
  3197 | D:3      | Bought a puce potion for 14 gold pieces
  3197 | D:3      | Bought a scroll labelled QAYTARE UTOHASS for 16 gold pieces
  3197 | D:3      | Bought a scroll labelled URCHAMN XAORR for 16 gold pieces
  3583 | D:3      | Got Sif Muna's Anthology of Malignant Secrets and the
                  | Assassin
  3744 | D:4      | Reached skill level 4 in Fighting
  3875 | D:4      | Reached skill level 1 in Stealth
  4256 | D:4      | Noticed a black bear
  4272 | D:4      | HP: 2/42 [black bear (2)]
  4274 | D:4      | Killed a black bear
  4275 | D:4      | Reached XP level 6. HP: 3/48 MP: 9/9
  4465 | D:4      | Reached *** piety under Lugonu
  4709 | D:4      | Found a stormy altar of Qazlal.
  4786 | D:4      | Identified the +7 short sword of Responsibility {venom, rF+
                  | rCorr MP-9}
  5162 | D:5      | Entered Level 5 of the Dungeon
  5469 | D:5      | Reached XP level 7. HP: 54/55 MP: 1/10
  5470 | D:5      | Identified the +3 flail "Osoibb" {vorpal, Drain rC+ Dex+7}
  5777 | D:5      | Reached skill level 5 in Invocations
  6026 | D:5      | Found a staircase to the Ecumenical Temple.
  6069 | D:5      | Found a bloodstained altar of Trog.
  6296 | D:6      | Reached skill level 5 in Fighting
  6356 | D:6      | Found Zin's Purification Station.
  6430 | D:6      | Reached XP level 8. HP: 62/62 MP: 3/12
  6447 | D:6      | Reached skill level 5 in Short Blades
  6795 | D:6      | Found an ancient bone altar of Kikubaaqudgha.
  6892 | D:7      | Found Foqovex's Armour Shop.
  7089 | D:7      | Reached **** piety under Lugonu
  7118 | D:7      | Found Hushrofynk's Book Shoppe.
  7236 | D:7      | Bought a +2 kite shield of protection for 258 gold pieces
  7303 | D:7      | Gained mutation: A demonic guardian rushes to your aid.
                  | [demonic ancestry]
  7303 | D:7      | Reached XP level 9. HP: 46/66 MP: 5/14
  7343 | D:7      | Found Nunlorr's Weapon Shoppe.
  7396 | D:7      | Bought 4 poisoned darts for 17 gold pieces
  7396 | D:7      | Bought 4 poisoned darts for 17 gold pieces
  7427 | D:7      | Found a hazy altar of Hepliaklqana.
  7586 | D:8      | Found a staircase to the Lair.
  7649 | D:8      | Reached skill level 6 in Fighting
  7649 | D:8      | Reached skill level 1 in Shields
  7657 | D:8      | Found a burning altar of Makhleb.
  7657 | D:8      | Found the +4 robe of Augmentation {Str+4 Int+4 Dex+4}
  7978 | D:8      | Killed an unseen horror
  7979 | D:8      | Reached skill level 5 in Dodging
  7979 | D:8      | Reached skill level 5 in Stealth
  8193 | D:8      | Found a snail-covered altar of Cheibriados.
  8336 | D:8      | Found a sacrificial altar of Ru.
  8346 | D:8      | Found a sparkling altar of Nemelex Xobeh.
  8691 | D:9      | Reached ***** piety under Lugonu
  8835 | D:9      | Reached XP level 10. HP: 65/77 MP: 7/16
  9396 | D:9      | Noticed a two-headed ogre
  9409 | D:9      | Killed a two-headed ogre
  9524 | D:10     | Entered Level 10 of the Dungeon
  9609 | D:10     | Found Huradama's Magic Scroll Shop.
  9637 | D:10     | Bought a scroll of noise for 13 gold pieces
  9643 | D:10     | Found Otteryanuo's Armour Boutique.
  9643 | D:10     | Found a staircase to the Orcish Mines.
  9643 | D:10     | Found Zomnuamijae's Weapon Boutique.
  9653 | D:10     | Reached skill level 7 in Fighting
  9700 | D:10     | Found a radiant altar of Vehumet.
  9730 | D:10     | Noticed Urug
  9752 | D:10     | Killed Urug
 10154 | D:10     | Found an ornate altar of the Wu Jian Council.
 10191 | D:10     | Found an iron altar of Okawaru.
 10564 | Lair:1   | Entered Level 1 of the Lair of Beasts
 10574 | Lair:1   | Reached skill level 10 in Invocations
 10576 | Lair:1   | Noticed a cane toad
 10579 | Lair:1   | Banished a cane toad
 10622 | Lair:1   | Noticed a cane toad
 10633 | Lair:1   | Killed a cane toad
 10634 | Lair:1   | Gained mutation: Your movements are less encumbered by
                  | armour. (ER -4) [demonic ancestry]
 10634 | Lair:1   | Reached XP level 11. HP: 70/84 MP: 9/18
 10730 | Lair:1   | Identified a scroll of acquirement
 10731 | Lair:1   | Acquired a +2 pair of boots of rampaging
 10784 | Lair:1   | Reached skill level 1 in Throwing
 10843 | Lair:1   | Identified the +7 sling of Moderation {vorpal, Int+2}
 10871 | Lair:1   | Reached skill level 5 in Shields
 11302 | Lair:1   | Noticed a four-headed hydra
 11319 | Lair:1   | Killed a four-headed hydra
 11320 | Lair:1   | Reached skill level 8 in Fighting
 11352 | Lair:1   | Noticed an alligator
 11367 | Lair:1   | Killed an alligator
 11373 | Lair:1   | Noticed a fire crab
 11391 | Lair:1   | Killed a fire crab
 11440 | Lair:1   | Noticed a fire crab
 11443 | Lair:1   | Noticed a death yak
 11448 | Lair:1   | Banished a death yak
 11452 | Lair:1   | Killed a fire crab
 11567 | Lair:1   | Reached XP level 12. HP: 68/94 MP: 11/20
 11585 | Lair:1   | Identified the amulet of the Skies Above {Acrobat rPois}
 11870 | Lair:2   | Noticed a five-headed hydra
 11870 | Lair:2   | Found a staircase to the Swamp.
 11924 | Lair:2   | Found a staircase to the Snake Pit.
 12014 | Lair:2   | Noticed Erica
 12032 | Lair:2   | Killed Erica
 12075 | Lair:2   | Reached skill level 5 in Armour
 12179 | Lair:2   | Reached ****** piety under Lugonu
 12267 | Lair:2   | Killed a five-headed hydra
 12285 | Lair:2   | Reached skill level 10 in Short Blades
 12609 | Lair:2   | Identified the +1 ring mail "Hauwn" {rN+++ Int-2 Dex+3}
 12626 | Lair:2   | Noticed Harold
 12649 | Lair:2   | Killed Harold
 13056 | Lair:3   | Noticed Josephine
 13065 | Lair:3   | Killed Josephine
 13116 | Lair:3   | Noticed a seven-headed hydra
 13172 | Lair:3   | Killed a seven-headed hydra
 13173 | Lair:3   | Reached skill level 9 in Fighting
 13208 | Lair:3   | Identified the +2 leather armour "Riereq" {Rampage rPois
                  | Int+3 SInv}
 13284 | Lair:3   | Noticed a six-headed hydra
 13298 | Lair:3   | Killed a six-headed hydra
 13501 | Lair:3   | Reached skill level 10 in Fighting
 13501 | Lair:3   | Gained mutation: You have large cloven feet. [demonic
                  | ancestry]
 13501 | Lair:3   | Reached XP level 13. HP: 103/103 MP: 13/22
 13550 | Lair:3   | Gained mutation: You are mostly covered in sharp spines.
                  | [demonic ancestry]
 13550 | Lair:3   | Reached XP level 14. HP: 107/110 MP: 14/23
 14895 | Lair:5   | Entered Level 5 of the Lair of Beasts
 15207 | Lair:5   | Found a staircase to the Slime Pits.
 15493 | Lair:5   | Reached skill level 11 in Fighting
 16180 | Lair:5   | Reached skill level 10 in Shields
 17416 | D:10     | Bought a +2 helmet of intelligence for 322 gold pieces
 17466 | Orc:1    | Entered Level 1 of the Orcish Mines
 17642 | Orc:2    | Entered Level 2 of the Orcish Mines
 17670 | Orc:2    | Found a staircase to the Elven Halls.
 17910 | Orc:2    | Noticed an orc warlord
 18081 | Orc:2    | Found Kufeog's Antique Weapon Boutique.
 18088 | Orc:2    | Found Manudepy's Antique Armour Shop.
 18218 | Orc:2    | Reached skill level 12 in Fighting
 18382 | Orc:2    | Killed an orc warlord
 18383 | Orc:2    | Gained mutation: You are completely covered in sharp
                  | spines. [demonic ancestry]
 18383 | Orc:2    | Reached XP level 15. HP: 11/120 MP: 15/24
 18625 | Orc:2    | Paralysed by an orc sorcerer for 3 turns
 18629 | Orc:2    | Found Ymuess's Magic Scroll Shop.
 19114 | Orc:2    | Found Dodeaczu's Antique Weapon Shoppe.
 19127 | Orc:2    | Paralysed by an orc sorcerer for 4 turns
 19629 | Orc:1    | Noticed Snorg
 19629 | Orc:1    | Noticed Sonja
 19648 | Orc:2    | Killed Snorg
 19747 | Orc:1    | Killed Sonja
 20000 | D:10     | Bought the +10 scimitar of the Solstice {flame, SInv} for
                  | 752 gold pieces
 20095 | D:11     | Identified the +8 war axe of the Cursing Weasel {drain,
                  | Dex+5}
 20653 | D:11     | Found a hazy altar of Hepliaklqana.
 20826 | D:12     | Reached skill level 1 in Long Blades
 21262 | D:12     | Acquired 1116 gold pieces
 21397 | D:13     | Found Igih's Assorted Antiques.
 21402 | D:13     | Bought a potion of heal wounds for 160 gold pieces
 22253 | D:13     | Reached skill level 5 in Long Blades
 22311 | D:13     | Reached skill level 13 in Fighting
 22423 | D:13     | Noticed a shadow dragon
 22432 | D:13     | Paralysed by a vampire knight for 5 turns
 22518 | D:13     | Found a gate to the Vaults.
 22854 | D:13     | Killed a shadow dragon
 22855 | D:13     | Gained mutation: You have hoof-like feet. [demonic
                  | ancestry]
 22855 | D:13     | Reached XP level 16. HP: 91/123 MP: 25/25
 23251 | D:14     | Noticed Frances
 23269 | D:14     | Killed Frances
 23784 | D:14     | Reached skill level 10 in Armour
 24223 | D:14     | Noticed Jorgrun
 24250 | D:14     | Killed Jorgrun
 24622 | D:15     | Entered Level 15 of the Dungeon
 24710 | Abyss:2  | Cast into level 2 of the Abyss (a wizard)
 24802 | D:15     | Escaped the Abyss
 25119 | D:15     | Found a staircase to the Depths.
 25338 | D:15     | Noticed Louise
 25352 | D:15     | Killed Louise
 25372 | D:15     | Found a shimmering altar of Xom.
 25800 | D:14     | Reached skill level 14 in Fighting
 26342 | Snake:1  | Entered Level 1 of the Snake Pit
 27009 | Snake:2  | Noticed Agnes
 27256 | Snake:2  | Killed Agnes
 27412 | Snake:2  | Noticed Aizul
 27434 | Snake:2  | Killed Aizul
 27683 | Snake:2  | Noticed Nikola
 27694 | Snake:2  | Killed Nikola
 27695 | Snake:2  | Gained mutation: A powerful demonic guardian rushes to your
                  | aid. [demonic ancestry]
 27695 | Snake:2  | Reached XP level 17. HP: 99/140 MP: 26/26
 28004 | Snake:3  | Found a hazy altar of Hepliaklqana.
 28372 | Snake:3  | Identified the +1 robe "Himpor" {Dex+4}
 28781 | Snake:4  | Entered Level 4 of the Snake Pit
 28851 | Snake:4  | Reached skill level 15 in Fighting
 28851 | Snake:4  | Reached skill level 10 in Long Blades
 29171 | Snake:4  | Noticed Vashnia
 29207 | Snake:4  | Killed Vashnia
 29402 | Snake:4  | Found Turambar's Dragon-Slaying Spoils.
 29935 | Snake:4  | Got a serpentine rune of Zot
 30215 | Swamp:1  | Entered Level 1 of the Swamp
 30376 | Swamp:1  | Found the +7 sceptre of Torment {pain, torment}
 30495 | Swamp:1  | Got the Omnibus of Poisoning
 30972 | Swamp:2  | Gained mutation: Your presence sometimes corrodes those you
                  | injure. [demonic ancestry]
 30972 | Swamp:2  | Reached XP level 18. HP: 147/151 MP: 27/27
 31069 | Swamp:2  | Reached skill level 16 in Fighting
 32151 | Swamp:4  | Entered Level 4 of the Swamp
 32855 | Swamp:4  | Reached skill level 15 in Shields
 33218 | Swamp:4  | Got a decaying rune of Zot
 33512 | D:10     | Bought a scroll of enchant armour for 97 gold pieces
 33512 | D:10     | Bought a scroll of teleportation for 39 gold pieces
 33512 | D:10     | Bought a scroll of blinking for 97 gold pieces
 33512 | D:10     | Bought a scroll of blinking for 97 gold pieces
 33530 | D:10     | Bought 2 atropa-tipped darts for 13 gold pieces
 33649 | Vaults:1 | Entered Level 1 of the Vaults
 33971 | Vaults:1 | Reached skill level 17 in Fighting
 34426 | Vaults:1 | Reached XP level 19. HP: 155/161 MP: 28/28
 34870 | Vaults:1 | Found Qeffiq's Jewellery Shop.
 35239 | Abyss:2  | Cast into level 2 of the Abyss (a wizard)
 35242 | Abyss:2  | Found a corrupted altar of Lugonu.
 35281 | Abyss:2  | Found a basalt altar of Yredelemnul.
 35287 | Vaults:2 | Escaped the Abyss
 35336 | Vaults:2 | Noticed a bone dragon
 35363 | Vaults:2 | Killed a bone dragon
 35376 | Vaults:2 | Found a staircase to the Crypt.
 35486 | Vaults:2 | Found a flickering gateway to a bazaar.
 35495 | Bazaar   | Entered a bazaar
 35572 | Bazaar   | Found Litit's Antique Armour Shoppe.
 35597 | Bazaar   | Found Warewn's Antique Weapon Emporium.
 35597 | Bazaar   | Found Diklam's General Store.
 35622 | Bazaar   | Found Faetiud's Book Emporium.
 35622 | Bazaar   | Found Ysoh's Assorted Antiques.
 35645 | Bazaar   | Found Keaj's Antique Weapon Emporium.
 35645 | Bazaar   | Found Tock's Armour Shoppe.
 35724 | Bazaar   | Bought a scroll of teleportation for 57 gold pieces
 35724 | Bazaar   | Bought a scroll of teleportation for 57 gold pieces
 35724 | Bazaar   | Bought a scroll of teleportation for 57 gold pieces
 35750 | Bazaar   | Bought a scroll of magic mapping for 60 gold pieces
 35750 | Bazaar   | Bought 4 boomerangs of dispersal for 48 gold pieces
 35750 | Bazaar   | Bought a potion of curing for 24 gold pieces
 35779 | Bazaar   | Bought a shiny plate armour for 494 gold pieces
 35896 | Vaults:2 | Identified the +8 dagger "Nuenym" {vorpal, Str+2}
 36277 | Crypt:1  | Entered Level 1 of the Crypt
 36629 | Abyss:2  | Cast into level 2 of the Abyss (a wizard)
 36785 | Abyss:3  | Gained mutation: You occasionally lose the ability to read
                  | scrolls when taking damage. [a cacodemon]
 36790 | Abyss:3  | Gained mutation: Your spells are a little easier to cast,
                  | but a little less powerful. [a cacodemon]
 36809 | Abyss:3  | Paralysed by a floating eye for 3 turns
 36819 | Abyss:3  | Paralysed by a floating eye for 3 turns
 36833 | Abyss:3  | Paralysed by a floating eye for 4 turns
 36838 | Vaults:2 | Escaped the Abyss
 36964 | Vaults:2 | Lost mutation: You occasionally lose the ability to read
                  | scrolls when taking damage. [potion of mutation]
 36964 | Vaults:2 | Lost mutation: Your spells are a little easier to cast, but
                  | a little less powerful. [potion of mutation]
 36964 | Vaults:2 | Gained mutation: Your skin changes colour to match your
                  | surroundings (Stealth+). [potion of mutation]
 36964 | Vaults:2 | Gained mutation: You passively dampen the noise of your
                  | surroundings. [potion of mutation]
 37076 | Vaults:2 | Reached skill level 18 in Fighting
 37893 | Vaults:3 | Reached XP level 20. HP: 166/172 MP: 29/29
 37916 | Vaults:3 | You fall into a shaft and drop 1 floor!
 38175 | Vaults:4 | Identified the +9 scale mail of Filth {+Inv MP-9 SInv
                  | Stlth+}
 38320 | Vaults:4 | Mangled by a vault guard

Illustrated notes

Levels and vault maps discovered:
D:1:      dpeg_arrival_houses_and_road, layout_loops_ring,
          shapermc_ecumenical_altar_pompeii
D:2:      layout_basic
D:3:      layout_basic, nicolae_dithmenos_shadow_blocks, serial_shops,
          shop_fountains, kennysheep_boxes
D:4:      layout_loops_ring, nicolae_qazlal_eye_of_the_storm,
          kennysheep_small_square
D:5:      layout_cave_pools, kennysheep_mini_moat,
          minmay_temple_entry_junction_2, minmay_misc_feat_columns,
          minmay_misc_feat_four_crosses
D:6:      layout_basic, mainiacjoe_overflow_brackets, zin_purify,
          small_statue_intersection, minmay_misc_feat_room,
          nrook_mini_backslash, hangedman_abyss_or_decor_stagger
D:7:      layout_basic, mainiacjoe_overflow_catwalk, serial_shops,
          nicolae_shop_bloodbath_and_beyond, shop, nicolae_stop_n_shop_1,
          serial_park_tiny_1
D:8:      layout_basic, kennysheep_slug_shrine, bloody_makhleb,
          amethyst_overflow_temple_binary, lair_entry_dummy, serial_glass,
          glass_columns_a, glass_columns_b
D:9:      layout_gridville
D:10:     layout_cross, nicolae_tso_carved_into_rock,
          mainiacjoe_overflow_small_starburst, vehumet_crystals,
          amcnicky_altar_gilded, orc_david_3, serial_shops, shop,
          serial_column_ruins, column_ruins_hut_ruined, column_ruins_grid_3,
          column_ruins_grid_1, column_ruins_grid_1, column_ruins_open_small,
          minmay_door_square, kennysheep_generic_room_13, uniq_urug
D:11:     layout_basic, nicolae_hepliaklqana_monster_ancestors
D:12:     layout_rooms, kennysheep_opposing_triangles
D:13:     kennysheep_snake, layout_loops_cross, grunt_vaults_entry_fortified,
          serial_shops, nicolae_shop_trees
D:14:     layout_layer_cave, chequers_serial_rivers_small_b, uniq_jorgrun,
          uniq_frances
D:15:     hangedman_depths_entry_civil_slaughter, layout_gridville,
          nicolae_titane, xom_teletrap_fun, uniq_louise
Lair:1:   layout_gridlike, nicolae_lair_lakeside_cave, lemuel_fruit_fields,
          infiniplex_staircase_pool_2
Lair:2:   layout_cave_pods, minmay_swamp_entry_swarm,
          minmay_snake_entry_six_corridors, uniq_erica, uniq_harold
Lair:3:   layout_chaotic_city, wad_woods_02, uniq_josephine
Lair:4:   layout_gridlike, nicolae_lair_lil_pond
Lair:5:   due_jungle_book, layout_cave_pods, nicolae_slime_entry_slimehenge
Swamp:1:  layout_basic_swamp, evilmike_swamp_ruin_house_4
Swamp:2:  layout_falls_marsh, evilmike_swamp_ruin_house_1, swamp_pool5,
          hangedman_swamp_cone
Swamp:3:  layout_basic_swamp, evilmike_swamp_ruin_rubble_1,
          infiniplex_staircase_pool
Swamp:4:  swamp_fiery, layout_basic_swamp
Snake:1:  layout_rooms, nicolae_integral_box
Snake:2:  layout_onion_interference, grunt_ministairs_10, grunt_megastairs_5,
          uniq_nikola, uniq_aizul, uniq_agnes
Snake:3:  layout_onion, basic_altar
Snake:4:  johnstein_snake_rune_scales, layout_misc_corridors,
          nicolae_shop_dragon_depot, drop_trap, uniq_vashnia
Orc:1:    layout_diamond_mine, basic_altar, uniq_snorg, uniq_sonja
Orc:2:    grunt_orc_community_town_hall, layout_caves,
          grunt_orc_community_big_house_1, grunt_orc_community_big_house_2,
          grunt_orc_community_house_2, grunt_orc_community_house_1,
          grunt_orc_community_house_2, grunt_orc_community_house_3,
          grunt_orc_community_house_2
Vaults:1: v_misc_32, vaults_room_door_ring, nicolae_vaults_yaktaur_gun_rack,
          vaults_room_fancy_cross, hangedman_vaults_slice, v_misc_26,
          nicolae_vaults_little_squares_4, nicolae_vaults_border_crossing,
          vaults_room_stairs_pillars, v_misc_13, v_misc_27,
          layout_vaults_omnicross, serial_shops, nicolae_shop_trees
Vaults:2: minmay_crypt_entry_nasty_monster, ontoclasm_vaults_claustrophobia,
          vaults_room_octagon, v_misc_27, v_misc_4,
          hangedman_vaults_stretched_pinwheel, hangedman_vaults_stagger,
          nicolae_vaults_network_periphery, nicolae_vaults_alarming,
          hangedman_vaults_trim, vaults_room_pool, layout_vaults_maze,
          serial_shops, bzr_entry_water
Vaults:3: v_pattern_1, hangedman_vaults_maws, dpeg_vaults_monster_box,
          hangedman_vaults_maws, v_misc_4, hangedman_vaults_maws,
          hangedman_vaults_stretched_pinwheel, nicolae_vaults_asterisk,
          nicolae_vaults_statue_guard, ontoclasm_vaults_ring_small,
          ontoclasm_vaults_hangar, vaults_room_pool,
          ontoclasm_vaults_loading_screen, v_alt_pattern_1, layout_vaults_ring
Vaults:4: vaults_room_grid, dpeg_vaults_hating_casters, vaults_dpeg_ring,
          v_misc_11, ontoclasm_vaults_gateway, nicolae_vaults_little_ls,
          nicolae_vaults_shelves_hall, ontoclasm_vaults_decontamination,
          hangedman_vaults_cutoff, layout_vaults_quadrants, enter_trove_5
Crypt:1:  layout_regular_city, roderic_lattice_octagonal_star, uniq_bai_suzhen,
          uniq_margery, uniq_vv

Skill      XL: |  1  2  3  4  5  6  7  8  9 10 11 12 13 14 15 16 17 18 19 |
---------------+----------------------------------------------------------+-----
Armour         | 2 4 7 8 9 10 11 12 | 12.6
Dodging        | 1 2 3 4 5 6 |  6.8
Short Blades   | 2 3 4 6 7 8 9 10 11 | 11.5
Invocations    | 3 4 5 7 8 10 11 13 | 13.0
Fighting       | 4 5 6 7 8 10 12 13 14 15 17 18 | 18.6
Stealth        | 1 2 4 5 |  5.7
Shields        | 2 4 6 8 10 12 13 14 15 16 | 16.7
Throwing       | 1 2 3 |  3.7
Long Blades    | 6 9 11 12 14 | 14.3

Action                   |  1- 3 |  4- 6 |  7- 9 | 10-12 | 13-15 | 16-18 | 19-21 || total
-------------------------+-------+-------+-------+-------+-------+-------+-------++-------
Melee: Short sword       |   135 |   105 |   251 |   625 |  1142 |       |       ||  2258
       Punch             |     1 |       |     2 |       |       |       |       ||     3
       Scimitar          |       |       |       |       |   304 |  1416 |   689 ||  2409
Throw: Dart              |       |     5 |       |    21 |    63 |    24 |     4 ||   117
       Javelin           |       |       |       |       |     2 |     5 |       ||     7
       Boomerang         |       |       |       |       |     2 |       |       ||     2
Invok: Depart the Abyss  |     1 |       |       |       |       |     1 |     2 ||     4
       Banish            |       |       |       |     2 |       |       |       ||     2
       Bend Space        |       |       |       |       |       |       |     1 ||     1
  Use: Scroll            |       |     7 |     5 |    13 |    10 |     6 |     7 ||    48
       Potion            |       |     2 |       |     6 |     2 |     1 |     2 ||    13
 Stab: Sleeping          |       |     2 |     7 |     1 |       |       |       ||    10
       Distracted        |       |       |     1 |     1 |       |     4 |     2 ||     8
       Confused          |       |       |       |       |       |     1 |       ||     1
Armor: Leather armour    |    54 |    32 |    45 |       |       |       |       ||   131
       Robe              |       |       |    20 |    38 |       |       |       ||    58
       Gold dragon scale |       |       |       |   314 |   667 |   878 |   369 ||  2228
       Skin              |       |       |       |    15 |       |       |       ||    15
Dodge: Dodged            |   116 |    63 |   106 |   219 |   339 |   426 |   140 ||  1409
Block: Kite shield       |       |       |    60 |   439 |  1129 |  1443 |   599 ||  3670
       Buckler           |       |       |     4 |       |       |       |       ||     4
